 Dungeon Crawl Stone Soup version 0.26-a0-682-g294304f6e8 (webtiles) character file.

Game seed: 9815558380606211228

268494 Conn the Sorcerer (level 19, -2/95 HPs)
             Began as a Deep Elf Fire Elementalist on Oct 20, 2020.
             Was a High Priest of Sif Muna.
             Blown up by a spellforged servitor (46 damage)
             ... with a wavering orb of destruction
             ... summoned by the player character
             ... on level 2 of the Elven Halls.
             The game lasted 04:45:13 (51954 turns).

Conn the Sorcerer (Deep Elf Fire Elementalist)     Turns: 51954, Time: 04:45:14

Health: -2/95      AC: 11    Str:  5    XL:     19   Next: 38%
Magic:  1/47       EV: 14    Int: 51    God:    Sif Muna [*****.]
Gold:   248        SH: 18    Dex: 15    Spells: 9/63 levels left

rFire    + . .     SeeInvis .   a - +3 falchion "Demon's Death Toll" {vorpal, +Inv Int+9}
rCold    + . .     Faith    .   l - +0 tower shield of the Dice {rN+ MR++ Int+4} (curse)
rNeg     + . .     Spirit   .   i - +0 robe {rC+ rF+}
rPois    .         Reflect  +   k - +2 hat {Int+3}
rElec    .         Harm     .   X - scarf {repulsion}
rCorr    .         Rampage  .   F - +2 pair of gloves
MR       +++..                  n - +2 pair of boots {Fly}
Stlth    +++.......             r - amulet of reflection
HPRegen  0.65/turn              J - +6 ring of intelligence
MPRegen  0.30/turn              q - ring of wizardry

@: flying, very slightly contaminated, repel missiles
A: hooves 1, regeneration 1
}: 2/15 runes: serpentine, barnacled
a: Channel Magic, Forget Spell, Divine Exegesis, Renounce Religion, Evoke
Invisibility, Stop Flying


You were on level 2 of the Elven Halls.
You worshipped Sif Muna.
Sif Muna was extremely pleased with you.
You visited 7 branches of the dungeon, and saw 34 of its levels.
You also visited: Ossuary and Ice Cave.

You collected 3558 gold pieces.
You spent 3310 gold pieces at shops.

Inventory:

Hand Weapons
 a - the +3 falchion "Demon's Death Toll" (weapon) {vorpal, +Inv Int+9}
   (You found it on level 6 of the Dungeon)

   It inflicts extra damage upon your enemies.
   It affects your intelligence (+9).
   It lets you turn invisible.
 G - the +8 trident of the Octopus King {venom, rElec rPois MR+}
   (You found it on level 1 of the Shoals)

   It poisons the flesh of those it strikes.
   It insulates you from electricity.
   It protects you from poison.
   It affects your resistance to hostile enchantments.
 R - the +7 dagger of the Ageing Vulture {flame, rElec}
   (You bought it in a shop on level 10 of the Dungeon)

   It has been specially enchanted to burn those struck by it, causing extra
   injury to most foes and up to half again as much damage against particularly
   susceptible opponents.
   It insulates you from electricity.
 U - the +3 halberd of Corruption {vorpal, *Slow rC+ Str+6}
   (You found it in an ice cave)

   It inflicts extra damage upon your enemies.
   It affects your strength (+6).
   It protects you from cold.
   It may slow you when you take damage.
Missiles
 Z - 9 curare-tipped darts (quivered)
Armour
 i - a +0 robe of resistance (worn)
 k - a +2 hat of intelligence (worn)
 l - the cursed +0 tower shield of the Dice (worn) {rN+ MR++ Int+4}
   (You bought it in a shop on level 4 of the Shoals)

   It affects your intelligence (+4).
   It protects you from negative energy.
   It affects your resistance to hostile enchantments.
   It has a curse placed upon it.
 n - a +2 pair of boots of flying (worn)
 o - the +3 robe of Clouds {+Thunder rCloud rElec}
   (You found it on level 6 of the Lair of Beasts)

   It insulates you from electricity.
 v - a +2 leather armour of fire resistance
 F - a +2 pair of gloves (worn)
 S - a +2 kite shield of cold resistance
 T - a +2 cloak of cold resistance
 X - a scarf of repulsion (worn)
 Y - a +2 robe of magic resistance
Magical Staves
 b - an uncursed staff of conjuration
Jewellery
 q - a ring of wizardry (right hand)
 r - an amulet of reflection (around neck)
 y - an uncursed ring of protection from magic
 E - an uncursed amulet of guardian spirit
 J - a +6 ring of intelligence (left hand)
 K - the ring "Wavuus" {*Corrode rC+ rN++ Str+4}
   (You bought it in a shop on level 7 of the Dungeon)

   [ring of protection from cold]

   It affects your strength (+4).
   It protects you from cold.
   It greatly protects you from negative energy.
   It may corrode you when you take damage.
 L - an uncursed ring of resist corrosion
 N - an uncursed ring of see invisible
Wands
 f - a wand of acid (12)
 j - a wand of digging (4)
 m - a wand of iceblast (7)
Scrolls
 d - 32 scrolls of identify
 e - 14 scrolls of remove curse
 g - 3 scrolls of magic mapping
 u - 16 scrolls of teleportation
 x - 4 scrolls of fog
 z - a scroll of blinking
 C - 7 scrolls of immolation
 I - 5 scrolls of fear
 P - 3 scrolls of amnesia
Potions
 c - 3 potions of haste
 h - 7 potions of curing
 p - 2 potions of ambrosia
 t - 8 potions of might
 A - a potion of invisibility
 D - 4 potions of lignification
 M - 3 potions of mutation
 O - 3 potions of heal wounds
 Q - 2 potions of resistance
Miscellaneous
 w - a phantom mirror
 V - a phial of floods


   Skills:
 + Level 2.6 Fighting
 + Level 1.0(2.7) Short Blades
 + Level 3.7(3.8) Long Blades
 + Level 1.0 Polearms
 + Level 1.9 Throwing
 + Level 6.5 Armour
 + Level 7.7 Dodging
 + Level 5.4 Stealth
 * Level 8.2 Shields
 * Level 22.9 Spellcasting
 + Level 16.8 Conjurations
 + Level 1.2 Hexes
 + Level 7.3 Summonings
 + Level 6.8 Translocations
 - Level 3.0 Transmutations
 * Level 17.6 Fire Magic
   Level 0.5 Earth Magic
 - Level 5.2 Invocations
 + Level 7.6 Evocations


You had 9 spell levels left.
You knew the following spells:

 Your Spells              Type           Power        Failure   Level
a - Foxfire               Conj/Fire      ####         0%          1
b - Conjure Flame         Conj/Fire      ########     0%          3
c - Inner Flame           Hex/Fire       ########     1%          3
d - Sticky Flame          Conj/Fire      ########     0%          4
e - Fireball              Conj/Fire      ########..   1%          5
f - Orb of Destruction    Conj           ########..   1%          7
g - Searing Ray           Conj           ######       0%          2
h - Irradiate             Conj/Tmut      ########..   1%          5
i - Iskenderun's Mystic   Conj/Tloc      ########     1%          4
j - Blink                 Tloc           N/A          1%          2
k - Teleport Other        Tloc           #######.     1%          3
l - Spellforged Servitor  Conj/Summ      ########..   4%          7
m - Ignition              Fire           ########..   3%          8

Your spell library contained the following spells:

 Spells                   Type           Power        Failure   Level
 Magic Dart               Conj           ####         0%          1
 Animate Skeleton         Necr           ######       1%          1
 Apportation              Tloc           ######       1%          1
 Corona                   Hex            ######.      1%          1
 Sandblast                Erth           ######       1%          1
 Shock                    Conj/Air       ####         1%          1
 Summon Small Mammal      Summ           ####         1%          1
 Call Imp                 Summ           #######.     1%          2
 Corpse Rot               Necr/Air       N/A          1%          2
 Passwall                 Tmut/Erth      ######..     1%          2
 Slow                     Hex            ######..     1%          2
 Sublimation of Blood     Necr           ######....   1%          2
 Swiftness                Air            ######..     1%          2
 Call Canine Familiar     Summ           #######.     1%          3
 Confusing Touch          Hex            ######..     1%          3
 Dazzling Flash           Conj/Hex       ######       1%          3
 Gell's Gravitas          Tloc           #######...   1%          3
 Ignite Poison            Fire/Tmut/Pois #######.     1%          3
 Lesser Beckoning         Tloc           #######...   1%          3
 Portal Projectile        Hex/Tloc       ######       1%          3
 Static Discharge         Conj/Air       #######.     1%          3
 Stone Arrow              Conj/Erth      ######       1%          3
 Summon Guardian Golem    Hex/Summ       #######.     1%          3
 Fulminant Prism          Conj/Hex       ########..   1%          4
 Hailstorm                Conj/Ice       #######.     1%          4
 Passage of Golubria      Tloc           N/A          1%          4
 Summon Ice Beast         Ice/Summ       #######.     1%          4
 Summon Lightning Spire   Summ/Air       #######.     1%          4
 Bolt of Magma            Conj/Fire/Erth ########..   1%          5
 Iskenderun's Battlesphe  Conj           ########     1%          5
 Lightning Bolt           Conj/Air       #######...   1%          5
 Starburst                Conj/Fire      ########..   1%          6
 Petrify                  Tmut/Erth      ######..     3%          4
 Iron Shot                Conj/Erth      #######...   3%          6
 Cause Fear               Hex            ######....   4%          4
 Leda's Liquefaction      Hex/Erth       ######....   5%          4
 Airstrike                Air            ######....   8%          4
 Yara's Violent Unravell  Hex/Tmut       ######....   9%          5
 Alistair's Intoxication  Tmut/Pois      ######...    12%         5
 Freezing Cloud           Conj/Ice/Air   #######...   12%         6
 Lee's Rapid Deconstruct  Erth           ######....   16%         5
 Metabolic Englaciation   Hex/Ice        ######....   16%         5
 Excruciating Wounds      Necr           ######....   21%         5
 Monstrous Menagerie      Summ           #######...   30%         7
 Summon Greater Demon     Summ           #######...   30%         7
 Malign Gateway           Summ/Tloc      #######...   32%         7
 Eringya's Noxious Bog    Tmut/Pois      ######....   52%         6
 Fire Storm               Conj/Fire      ########..   52%         9
 Invisibility             Hex            ######..     54%         6
 Lehudib's Crystal Spear  Conj/Erth      #######...   77%         8
 Chain Lightning          Conj/Air       #######...   82%         8
 Summon Horrible Things   Summ           #######...   91%         8
 Infestation              Necr           ######....   100%        8
 Necromutation            Tmut/Necr      ######....   100%        8
 Shatter                  Erth           ######....   100%        9
 Tornado                  Air            ######....   100%        9


Dungeon Overview and Level Annotations

Branches:
Dungeon (15/15)            Temple (1/1) D:4            Lair (6/6) D:8
 Shoals (4/4) Lair:3        Snake (4/4) Lair:2        Slime (0/5) Lair:5
    Orc (2/2) D:12            Elf (2/3) Orc:2        Vaults (0/5) D:13
 Depths (0/5) D:15        Ossuary (visited)           IceCv (visited)

Altars:
Ashenzari
Elyvilon
Fedhas
Gozag
Makhleb
Nemelex Xobeh
Qazlal
Ru
Sif Muna
Trog
Vehumet
Wu Jian
Xom
The Shining One

Shops:
D:7 *   D:10 (   D:14 :   Orc:1 (}   Orc:2 ?**}[   Elf:1 ?   Shoals:4 *?


Innate Abilities, Weirdness & Mutations

You have large cloven feet.
Your natural rate of healing is unusually fast.


Message History

Sif Muna accepts your kill.
Found 28 gold pieces.
There is a stone staircase leading up, spattered with blood here.
Things that are here:
Sif Muna's Compendium of Translocation; 2 arrows
Casting: Foxfire (safe; 0% risk of failure)
Confirm with . or Enter, or press ? or * to list all spells.
Aiming: Sticky Flame (safe; 0% risk of failure)
Press: ? - help, Shift-Dir - straight line, f - swamp worm
Aim: a swamp worm The sticky flame hits the swamp worm but does no damage.
The swamp worm is covered in liquid flames!
Your spellforged servitor hums quietly as it recharges.
The swamp worm burns!
You block the swamp worm's attack.
You barely miss the swamp worm.
The swamp worm is lightly wounded.
The swamp worm burns!
You block the swamp worm's attack. x2
Your spellforged servitor conjures a glowing orb.
The wavering orb of destruction weakly hits you!!!
You die...

#. .. #...#
#.#.# ..#.#
#.#.## #.#).#
###.
##)###.#.##.....
#..)...w°)......
().))...@8##$##
.)..)...).#
...........#
#....)))..##
######.#)##
)))). ).)...
.((....#


You could see a swamp worm (burning) and a friendly spellforged servitor
(summoned).

Vanquished Creatures
  Saint Roka (Snake:4)
  Bai Suzhen (Shoals:4)
  9 nagarajas
  A deep elf sorcerer (Elf:2)
  2 frost giants
  An orc warlord (Orc:2)
  Aizul (Snake:1)
  A deep elf demonologist (Elf:1)
  2 deep elf annihilators (Elf:1)
  A deep elf death mage (Elf:2)
  Snorg (D:10)
  An ettin (Orc:1)
  5 merfolk javelineers
  12 merfolk impalers
  2 ogre magi
  5 vault guards (D:13)
  8 hydras
  A merfolk aquamancer (Shoals:2)
  Erica (Orc:1)
  3 boulder beetles
  An alligator snapping turtle (Shoals:1)
  19 naga warriors
  5 merfolk avatars
  4 anacondas
  9 two-headed ogres
  5 dancing weapons (Elf:1)
  A centaur warrior (D:15)
  5 death yaks
  3 orc high priests (Orc:2)
  3 shock serpents
  21 naga sharpshooters
  Sonja (Orc:1)
  12 deep elf knights
  A fire crab (Shoals:1)
  17 sea snakes
  A spark wasp zombie (D:15)
  An unseen horror (D:13)
  A skeletal warrior (D:15)
  A wizard (D:15)
  17 deep elf archers
  7 naga ritualists
  Pikel (D:3)
  31 harpies
  A phantasmal warrior (D:15)
  An iron dragon zombie (D:15)
  45 deep elf magi
  A necromancer (D:15)
  A fire giant zombie (D:15)
  4 orc sorcerers
  A frost giant zombie (D:15)
  An ugly thing (D:9)
  5 cyclopes
  21 manticores
  6 salamanders
  17 fauns
  23 black mambas
  10 merfolk sirens
  14 naga magi
  10 guardian serpents
  7 water nymphs
  3 gargoyles (D:15)
  21 cane toads
  An ice statue (IceCv)
  A rime drake (Lair:6)
  2 centaur skeletons
  An efreet (D:13)
  11 komodo dragons
  A guardian mummy (D:15)
  A tengu conjurer (D:13)
  7 trolls
  2 hornets
  30 merfolk
  3 meliai (D:15)
  9 wind drakes
  17 polar bears
  4 slime creatures (D:14)
  4 tyrant leeches (Lair:6)
  19 blink frogs
  11 snapping turtles
  6 dream sheep
  A shadow (D:14)
  A vampire (D:11)
  45 yaks
  2 wraiths
  6 water elementals
  A tarantella (shapeshifter) (Elf:1)
  An air elemental (Elf:1)
  9 basilisks
  A fire elemental (Elf:1)
  5 wyverns
  A human (D:13)
  5 vampire mosquitoes (Lair:6)
  2 steam dragons
  72 nagas
  9 wargs
  A soldier ant (D:14)
  17 water moccasins
  A swamp drake (D:12)
  2 sky beasts
  3 black bears
  3 phantoms
  30 orc warriors
  15 ogres
  21 wolves
  14 centaurs
  An eye of draining (D:10)
  A lemure (D:3)
  29 bullfrogs
  Blork the orc (D:4)
  3 scorpions
  14 wights
  9 killer bees
  4 electric eels
  7 howler monkeys
  4 centaur zombies
  9 jellies
  A bullfrog zombie (D:9)
  28 orc priests
  2 hounds
  44 orc wizards
  2 bullfrog skeletons
  4 iguanas
  6 worker ants
  4 big kobold zombies (Ossuary)
  2 hound skeletons
  A mummy (Ossuary)
  A worker ant zombie (D:5)
  6 gnolls
  13 adders
  2 river rats (D:4)
  A shadow imp (D:8)
  15 white imps
  2 ufetubi (D:8)
  5 oozes
  An adder zombie (D:8)
  9 worms
  2 dart slugs (D:2)
  6 leopard geckos
  94 orcs
  3 spectral bats (Ossuary)
  4 bats
  A giant cockroach (D:2)
  8 gnoll zombies (Ossuary)
  6 goblins
  9 hobgoblins
  6 jackals
  5 quokkas
  A bat simulacrum (Ossuary)
  6 frilled lizards
  5 goblin simulacra (Ossuary)
  2 goblin zombies (Ossuary)
  6 hobgoblin zombies (Ossuary)
  6 kobolds
  A kobold simulacrum (Ossuary)
  7 kobold zombies (Ossuary)
  A leopard gecko skeleton (D:8)
  3 orc zombies (Ossuary)
  A quokka skeleton (D:4)
  11 rats
  A rat simulacrum (Ossuary)
  2 spectral goblins (Ossuary)
  6 spectral kobolds (Ossuary)
  3 spectral rats (Ossuary)
  5 bushes
  A foxfire (D:15)
1259 creatures vanquished.

Vanquished Creatures (collateral kills)
  An orc warlord (Orc:2)
  3 naga warriors
  2 anacondas (Snake:2)
  6 death yaks
  An orc high priest (Orc:2)
  A shock serpent (Snake:1)
  A fire crab (Shoals:1)
  A naga ritualist (Snake:3)
  2 deep elf magi (Elf:2)
  A harpy (Shoals:1)
  4 mana vipers
  A salamander (Snake:1)
  2 guardian serpents
  2 merfolk sirens (Shoals:1)
  2 black mambas
  2 naga magi
  3 cane toads (Lair:6)
  2 blink frogs (Lair:6)
  A vampire mosquito (Lair:6)
  2 nagas
  2 orc warriors (Orc:2)
  2 bullfrogs (Lair:6)
  4 orc wizards (Orc:2)
  4 orc priests (Orc:2)
  An orc (Orc:2)
  9 foxfires
62 creatures vanquished.

Vanquished Creatures (others)
  2 eldritch tentacles (Orc:2)
  An orc priest (Orc:2)
  An orc wizard (Orc:2)
  An orc (D:12)
  2050 foxfires
  5 fulminant prisms
  45 fungi
  134 plants
  4 withered plants (D:15)
2243 creatures vanquished.

Grand Total: 3564 creatures vanquished

Notes
Turn   | Place    | Note
-------+----------+-------------------------------------------
     0 | D:1      | Conn the Deep Elf Fire Elementalist began the quest for the
                  | Orb.
     0 | D:1      | Reached XP level 1. HP: 10/10 MP: 6/6
   190 | D:1      | Reached XP level 2. HP: 11/15 MP: 5/8
  1118 | D:2      | Reached XP level 3. HP: 19/19 MP: 5/9
  1129 | D:2      | Found a stormy altar of Qazlal.
  1164 | D:2      | Found a shimmering altar of Xom.
  1174 | D:2      | Found a burning altar of Makhleb.
  1178 | D:2      | Found a sacrificial altar of Ru.
  1220 | D:2      | Found a sparkling altar of Nemelex Xobeh.
  1287 | D:2      | Found an ornate altar of the Wu Jian Council.
  1503 | D:2      | Reached XP level 4. HP: 19/24 MP: 7/11
  2358 | D:3      | Reached skill level 5 in Fire Magic
  2837 | D:4      | Learned a level 3 spell: Conjure Flame
  2841 | D:4      | Learned a level 3 spell: Inner Flame
  2841 | D:4      | Noticed an ogre
  2850 | D:4      | Killed an ogre
  2850 | D:4      | Reached skill level 4 in Spellcasting
  2850 | D:4      | Reached XP level 5. HP: 28/28 MP: 8/13
  2906 | D:4      | Found a sand-covered staircase.
  2911 | Ossuary  | Entered an ossuary
  3251 | Ossuary  | Reached XP level 6. HP: 31/32 MP: 5/15
  3508 | Ossuary  | Reached skill level 5 in Spellcasting
  3902 | Ossuary  | Learned a level 4 spell: Sticky Flame
  4025 | D:4      | Noticed Pikel
  4331 | D:3      | Killed Pikel
  4331 | D:3      | Reached skill level 6 in Spellcasting
  4331 | D:3      | Reached skill level 5 in Conjurations
  4331 | D:3      | Reached XP level 7. HP: 18/37 MP: 12/18
  4580 | D:4      | Reached skill level 7 in Spellcasting
  4580 | D:4      | Reached XP level 8. HP: 42/42 MP: 17/20
  4634 | D:4      | Noticed Blork the orc
  4643 | D:4      | Killed Blork the orc
  4664 | D:4      | Found a staircase to the Ecumenical Temple.
  4671 | Temple   | Entered the Ecumenical Temple
  4689 | Temple   | Became a worshipper of Sif Muna the Loreminder
  5109 | D:4      | Reached skill level 8 in Spellcasting
  5207 | D:4      | Reached * piety under Sif Muna
  5406 | D:5      | Entered Level 5 of the Dungeon
  5881 | D:5      | Learned a level 5 spell: Fireball
  6300 | D:6      | Reached XP level 9. HP: 17/46 MP: 16/23
  6304 | D:6      | Reached skill level 9 in Spellcasting
  6790 | D:6      | Found a bloodstained altar of Trog.
  6870 | D:6      | Reached skill level 1 in Invocations
  6978 | D:6      | Got an ichor-stained falchion
  6979 | D:6      | Identified the cursed +3 falchion "Demon's Death Toll"
                  | {vorpal, +Inv Int+9} (You found it on level 6 of the
                  | Dungeon)
  7666 | D:6      | Reached ** piety under Sif Muna
  7666 | D:6      | Reached skill level 1 in Short Blades
  8124 | D:7      | Found a blossoming altar of Fedhas.
  8135 | D:7      | Noticed a two-headed ogre
  8139 | D:7      | Killed a two-headed ogre
  8139 | D:7      | Reached skill level 1 in Long Blades
  8139 | D:7      | Reached skill level 10 in Spellcasting
  8153 | D:7      | HP: 1/46 [orc warrior/+0 halberd (22)]
  8154 | D:7      | Reached skill level 1 in Fighting
  9249 | D:7      | Found Miur's Assorted Antiques.
  9252 | D:7      | Bought a coiled platinum ring for 105 gold pieces
  9252 | D:7      | Bought a scroll labeled UNKOEXARUA for 21 gold pieces
  9349 | D:8      | Reached XP level 10. HP: 20/52 MP: 18/26
  9630 | D:7      | Learned a level 7 spell: Malign Gateway
  9729 | D:8      | Reached skill level 1 in Summonings
  9750 | D:8      | Identified the ring "Wavuus" {*Corrode rC+ rN++ Str+4} (You
                  | bought it in a shop on level 7 of the Dungeon)
  9993 | D:8      | Reached *** piety under Sif Muna
 10301 | D:8      | Found a staircase to the Lair.
 10761 | D:9      | Reached skill level 10 in Fire Magic
 10766 | D:9      | Reached skill level 5 in Invocations
 10821 | D:9      | Reached skill level 11 in Spellcasting
 11576 | D:9      | Noticed a green ugly thing
 11586 | D:9      | Killed a green ugly thing
 11592 | D:9      | Gained mutation: Your natural rate of healing is unusually
                  | fast. [potion of mutation]
 11592 | D:9      | Gained mutation: You have large cloven feet. [potion of
                  | mutation]
 11766 | D:9      | Reached **** piety under Sif Muna
 11951 | D:10     | Entered Level 10 of the Dungeon
 11966 | D:10     | Reached skill level 1 in Translocations
 12129 | D:10     | Reached skill level 1 in Armour
 12464 | D:10     | Found Ruppoit's Antique Weapon Shoppe.
 12467 | D:10     | Bought a shimmering dagger for 217 gold pieces
 12467 | D:10     | Identified the +7 dagger of the Ageing Vulture {flame,
                  | rElec} (You bought it in a shop on level 10 of the Dungeon)
 12522 | D:10     | Reached XP level 11. HP: 56/56 MP: 26/28
 12628 | D:10     | Noticed Snorg
 12643 | D:10     | Killed Snorg
 13294 | D:11     | Noticed a boulder beetle
 13861 | D:12     | Reached skill level 10 in Conjurations
 14495 | D:12     | Found a staircase to the Orcish Mines.
 14500 | D:12     | Reached ***** piety under Sif Muna
 14500 | D:12     | Identified Tacizab's Catalogue of Creative Battle Magic
                  | (Sif Muna gifted it to you on level 12 of the Dungeon)
 14500 | D:12     | Received a gift from Sif Muna
 14515 | D:12     | Learned a level 2 spell: Searing Ray
 14521 | D:12     | Learned a level 5 spell: Irradiate
 14745 | D:13     | Reached skill level 12 in Spellcasting
 14820 | D:13     | Noticed a two-headed ogre
 14924 | D:14     | Noticed a four-headed hydra
 14933 | D:14     | Killed a four-headed hydra
 14941 | D:14     | Found Lihiw's Book Shoppe.
 14983 | D:14     | Reached skill level 5 in Summonings
 14991 | D:14     | Found a frozen archway.
 15034 | IceCv    | Entered an ice cave
 15224 | IceCv    | Reached XP level 12. HP: 62/62 MP: 5/30
 15728 | IceCv    | Got a steaming halberd
 15729 | IceCv    | Identified the +3 halberd of Corruption {vorpal, *Slow rC+
                  | Str+6} (You found it in an ice cave)
 15758 | IceCv    | Reached skill level 1 in Shields
 15764 | IceCv    | Noticed a frost giant
 15784 | IceCv    | Killed a frost giant
 16901 | D:14     | Noticed a seven-headed hydra
 16909 | D:14     | Killed a seven-headed hydra
 16909 | D:14     | Reached skill level 5 in Dodging
 17205 | D:13     | Killed a two-headed ogre
 17309 | D:13     | Reached skill level 13 in Spellcasting
 17379 | D:13     | Reached skill level 1 in Polearms
 17582 | D:13     | Received a gift from Sif Muna
 17589 | D:13     | Learned a level 4 spell: Iskenderun's Mystic Blast
 17688 | D:13     | Noticed a two-headed ogre
 17697 | D:13     | Killed a two-headed ogre
 17697 | D:13     | Reached skill level 1 in Transmutations
 17711 | D:13     | Noticed a vault guard
 18080 | D:13     | Reached XP level 13. HP: 66/66 MP: 20/32
 18514 | D:13     | Found a gate to the Vaults.
 18638 | Orc:1    | Entered Level 1 of the Orcish Mines
 18640 | Orc:1    | Noticed Sonja
 18641 | Orc:1    | Killed Sonja
 18654 | D:12     | Reached skill level 5 in Armour
 18823 | Orc:1    | Noticed Erica
 18835 | Orc:1    | Killed Erica
 18835 | Orc:1    | Reached skill level 14 in Spellcasting
 19163 | Orc:1    | Found a shimmering altar of Xom.
 19519 | D:14     | Bought a book of Spatial Translocations for 975 gold pieces
 19522 | D:14     | Learned a level 2 spell: Blink
 19605 | Orc:2    | Entered Level 2 of the Orcish Mines
 19813 | Orc:2    | Found Amoawyur's Armour Shop.
 19898 | Orc:2    | Noticed an orc warlord
 20275 | Orc:2    | Killed an orc warlord
 20275 | Orc:2    | Reached skill level 5 in Translocations
 20295 | Orc:2    | Found a staircase to the Elven Halls.
 20420 | Orc:2    | Reached skill level 1 in Throwing
 20926 | Orc:2    | Found Liposat's Magic Scroll Shop.
 20926 | Orc:2    | Found Orch's Gadget Boutique.
 20926 | Orc:2    | Found Wiyddac's Assorted Antiques.
 20937 | Orc:2    | Found Doarph's General Store.
 21004 | Orc:2    | Bought a wand of acid (7) for 352 gold pieces
 21369 | Orc:1    | Noticed an ettin
 21385 | Orc:1    | Killed an ettin
 21551 | Orc:1    | Reached skill level 5 in Shields
 21554 | Orc:1    | Reached XP level 14. HP: 31/72 MP: 5/34
 21753 | Orc:1    | Found Pufatim's Antique Weapon Shop.
 21802 | Orc:1    | Found Abluc's Gadget Boutique.
 21877 | Elf:1    | Entered Level 1 of the Elven Halls
 22157 | Elf:1    | Found Cor Duum's Magic Scroll Shop.
 22174 | Elf:1    | Reached skill level 15 in Spellcasting
 22356 | Elf:1    | Learned a level 3 spell: Teleport Other
 22361 | Elf:1    | Learned a level 4 spell: Fulminant Prism
 23398 | Elf:1    | Reached skill level 16 in Spellcasting
 23599 | Elf:1    | Reached XP level 15. HP: 76/76 MP: 1/37
 24352 | Elf:2    | Noticed a deep elf sorcerer
 24531 | D:15     | Entered Level 15 of the Dungeon
 25541 | D:15     | Identified a scroll of acquirement
 25541 | D:15     | Acquired a +2 hat of intelligence
 25638 | D:15     | Received a gift from Sif Muna
 25644 | D:15     | Learned a level 3 spell: Summon Guardian Golem
 25904 | D:15     | Found a staircase to the Depths.
 26511 | Lair:1   | Entered Level 1 of the Lair of Beasts
 26602 | Lair:1   | Reached skill level 17 in Spellcasting
 26729 | Lair:1   | Reached skill level 1 in Hexes
 27679 | Lair:2   | Found a staircase to the Snake Pit.
 28737 | Lair:3   | Found a staircase to the Shoals.
 29320 | Lair:3   | Identified Sif Muna's Papyrus of Flamy Confrontation (Sif
                  | Muna gifted it to you on level 3 of the Lair of Beasts)
 29320 | Lair:3   | Received a gift from Sif Muna
 29330 | Lair:3   | Learned a level 5 spell: Bolt of Magma
 29338 | Lair:3   | Learned a level 7 spell: Spellforged Servitor
 30506 | Lair:4   | Got a crystal flail
 30567 | Lair:4   | Identified the +4 flail "Ciejuoholl" {drain, rC+ MR+ Int-5}
                  | (You found it on level 4 of the Lair of Beasts)
 31148 | Lair:5   | Found a staircase to the Slime Pits.
 32006 | Lair:6   | Entered Level 6 of the Lair of Beasts
 32136 | Lair:6   | Reached XP level 16. HP: 81/81 MP: 8/39
 32712 | Lair:6   | Reached skill level 18 in Spellcasting
 32889 | Lair:6   | Received a gift from Sif Muna
 33805 | Lair:6   | Found the +3 robe of Clouds {+Thunder rCloud rElec}
 34238 | Lair:6   | Got a shimmering leather armour
 34249 | Lair:6   | Identified the cursed +1 leather armour of the Great Game
                  | {Regen+} (You found it on level 6 of the Lair of Beasts)
 34362 | Snake:1  | Entered Level 1 of the Snake Pit
 34380 | Snake:1  | Reached skill level 1 in Evocations
 34385 | Snake:1  | Noticed Aizul
 34392 | Snake:1  | Killed Aizul
 35639 | D:14     | Bought a book of the Tempests for 1050 gold pieces
 35650 | D:14     | Learned a level 8 spell: Ignition
 35879 | Shoals:1 | Entered Level 1 of the Shoals
 35879 | Shoals:1 | Found the +8 trident of the Octopus King {venom, rElec
                  | rPois MR+}
 36045 | Shoals:1 | Identified Sif Muna's Incunabulum of Excruciating
                  | Weightlessness (Sif Muna gifted it to you on level 1 of the
                  | Shoals)
 36045 | Shoals:1 | Received a gift from Sif Muna
 36045 | Shoals:1 | Reached skill level 15 in Conjurations
 36138 | Shoals:1 | Reached skill level 15 in Fire Magic
 36929 | Snake:2  | Reached skill level 19 in Spellcasting
 38473 | Snake:3  | Reached XP level 17. HP: 82/85 MP: 15/42
 38670 | Snake:3  | Reached skill level 5 in Stealth
 38973 | Snake:3  | Learned a level 7 spell: Orb of Destruction
 39641 | Snake:4  | Entered Level 4 of the Snake Pit
 40355 | Snake:4  | Received a gift from Sif Muna
 41561 | Snake:4  | Noticed Saint Roka
 41562 | Snake:4  | Reached skill level 20 in Spellcasting
 41571 | Snake:4  | Killed Saint Roka
 42700 | Snake:4  | Reached skill level 5 in Evocations
 43142 | Snake:4  | Identified Sif Muna's Compendium of Ghastly Attacks (Sif
                  | Muna gifted it to you on level 4 of the Snake Pit)
 43142 | Snake:4  | Received a gift from Sif Muna
 44085 | Snake:4  | Got a serpentine rune of Zot
 44307 | Snake:4  | Reached XP level 18. HP: 89/91 MP: 23/44
 44544 | Snake:4  | Reached skill level 21 in Spellcasting
 44891 | Shoals:1 | Identified the Grimoire of the Kraken
 48142 | Shoals:2 | Identified Sif Muna's Almanac of Unholy Poisoning (Sif Muna
                  | gifted it to you on level 2 of the Shoals)
 48142 | Shoals:2 | Received a gift from Sif Muna
 48468 | Shoals:3 | Reached skill level 22 in Spellcasting
 49731 | Shoals:4 | Entered Level 4 of the Shoals
 50190 | Shoals:4 | Found Huogyci's Magic Scroll Shop.
 50221 | Shoals:4 | Found Duenuski's Mass Market.
 50275 | Shoals:4 | Bought the cursed +0 tower shield of the Dice {rN+ MR++
                  | Int+4} for 590 gold pieces
 50409 | Shoals:4 | Reached XP level 19. HP: 95/95 MP: 14/47
 50621 | Shoals:4 | Noticed Bai Suzhen
 50627 | Shoals:4 | Killed Bai Suzhen
 51131 | Shoals:4 | Got a barnacled rune of Zot
 51936 | Elf:2    | Identified Sif Muna's Compendium of Translocation (Sif Muna
                  | gifted it to you on level 2 of the Elven Halls)
 51936 | Elf:2    | Received a gift from Sif Muna
 51954 | Elf:2    | Blown up by a spellforged servitor

Illustrated notes

Levels and vault maps discovered:
D:1:      minmay_arrival_solitary_statue, layout_basic, minmay_pentomino_u4
D:2:      layout_basic, minmay_overflow_temple_star_hex,
          nicolae_overflow_crystal_walls, st_stairs_5
D:3:      layout_rooms
D:4:      layout_rooms, minmay_temple_entry_ruins, enter_ossuary_5,
          lightli_sewer_entry_pipes, uniq_blork_the_orc, uniq_pikel
D:5:      layout_rooms, lemuel_another_geyser
D:6:      layout_basic, basic_altar
D:7:      layout_layer_cave, serial_shops, kennysheep_mini_moat,
          fedhas_bush_and_centaur_altar
D:8:      layout_cave_pools, erik_lair_orcish_takeover
D:9:      layout_basic
D:10:     layout_rooms, serial_shops, nicolae_shop_behind_doors,
          minmay_misc_feat_roman, uniq_snorg
D:11:     layout_stronghold, minivault_20
D:12:     layout_rooms, erik_orc_1
D:13:     layout_basic, grunt_vaults_entry_fortified
D:14:     layout_cross, serial_shops, shop, portal_ice_cave_entry_imps,
          grunt_ministairs_14
D:15:     gammafunk_depths_entry_grave, layout_basic
Temple:   nicolae_temple_elliptical
Lair:1:   layout_loops_ring
Lair:2:   layout_chaotic_city, guppyfry_snake_entry_island, minivault_24,
          serial_bayou_shore_a
Lair:3:   layout_regular_city, minmay_shoals_entry_beasts
Lair:4:   layout_regular_city, st_stairs_9
Lair:5:   layout_layer_cave, nicolae_slime_entry_slimehenge
Lair:6:   minmay_lair_end_frog_pond, layout_long_grid, minivault_26
Shoals:1: cheibrodos_shoals_epimethial_gifts, layout_shoals,
          hangedman_shoal_volcano
Shoals:2: layout_shoals, nicolae_shoals_loop_pool
Shoals:3: cheibrodos_shoals_roost, layout_shoals
Shoals:4: shoals_end_grunt_ice, layout_shoals, serial_shops, shop_statue,
          minmay_shop_mass, uniq_bai_suzhen
Snake:1:  layout_misc_corridors, uniq_aizul
Snake:2:  layout_layer_cave, minmay_snake_pond, serial_bayou_shore_b
Snake:3:  layout_onion_interference
Snake:4:  grunt_snake_rune_spirals, layout_onion_interference, uniq_saint_roka
Orc:1:    layout_caves, serial_shops, shop, shop, basic_altar, uniq_sonja,
          uniq_erica
Orc:2:    st_orc_mages, layout_caves, serial_shops, shop
Elf:1:    layout_geoelf_octagon, serial_shops, nicolae_shop_behind_doors,
          minivault_28
Elf:2:    layout_rooms, serial_shops, shop, minivault_11

Skill      XL: |  1  2  3  4  5  6  7  8  9 10 11 12 13 14 15 16 17 18 19 |
---------------+----------------------------------------------------------+-----
Fire Magic     | 4 5 6 8 9 10 11 12 13 14 15 16 17 | 17.6
Conjurations   | 2 3 5 7 8 9 10 11 12 13 14 15 16 | 16.8
Spellcasting   | 4 6 7 8 10 11 12 13 14 16 17 19 20 22 | 22.9
Invocations    | 3 5 |  5.2
Short Blades   | 1 |  1.0
Long Blades    | 1 2 3 |  3.7
Fighting       | 1 2 |  2.6
Summonings     | 3 5 6 7 |  7.3
Translocations | 2 4 5 6 |  6.8
Armour         | 1 3 4 5 6 |  6.5
Dodging        | 3 4 5 6 7 |  7.7
Stealth        | 3 4 5 |  5.4
Shields        | 3 5 6 7 8 |  8.2
Polearms       | 1 |  1.0
Transmutations | 1 3 |  3.0
Throwing       | 1 |  1.9
Hexes          | 1 |  1.2
Evocations     | 3 5 7 |  7.6
Earth Magic    | |  0.5

Action                   |  1- 3 |  4- 6 |  7- 9 | 10-12 | 13-15 | 16-18 | 19-21 || total
-------------------------+-------+-------+-------+-------+-------+-------+-------++-------
Melee: Short sword       |    22 |    55 |    47 |       |       |       |       ||   124
       Falchion          |       |       |    36 |    53 |    84 |    28 |     1 ||   202
       Dagger            |       |       |       |    12 |    10 |     2 |       ||    24
       Halberd           |       |       |       |    12 |       |       |       ||    12
       Staff             |       |       |       |       |    13 |     2 |       ||    15
       Trident           |       |       |       |       |       |     1 |       ||     1
Throw: Dart              |       |       |       |     4 |     9 |     7 |       ||    20
 Cast: Foxfire           |    52 |   177 |   218 |   323 |   191 |   185 |     6 ||  1152
       Sticky Flame      |       |     1 |     6 |    55 |    39 |    29 |     2 ||   132
       Conjure Flame     |       |     1 |     1 |     9 |     2 |       |       ||    13
       Inner Flame       |       |     1 |     1 |     4 |       |       |       ||     6
       Fireball          |       |       |    10 |    79 |   269 |   381 |    34 ||   773
       Searing Ray       |       |       |       |     6 |    20 |    24 |       ||    50
       Irradiate         |       |       |       |     6 |    14 |     8 |     1 ||    29
       Iskenderun's Myst |       |       |       |       |    19 |    19 |       ||    38
       Blink             |       |       |       |       |    10 |     7 |     1 ||    18
       Malign Gateway    |       |       |       |       |     2 |       |       ||     2
       Fulminant Prism   |       |       |       |       |     5 |       |       ||     5
       Bolt of Magma     |       |       |       |       |     3 |     6 |       ||     9
       Spellforged Servi |       |       |       |       |     1 |    15 |     1 ||    17
       Summon Guardian G |       |       |       |       |     1 |     2 |       ||     3
       Ignition          |       |       |       |       |       |     9 |     2 ||    11
       Orb of Destructio |       |       |       |       |       |    86 |     5 ||    91
Invok: Channel Magic     |       |       |       |     1 |     7 |     3 |       ||    11
       Divine Exegesis   |       |       |       |       |     2 |       |       ||     2
Evoke: Wand              |       |       |       |     1 |     6 |     3 |       ||    10
       Phial of floods   |       |       |       |       |     2 |     1 |       ||     3
  Use: Scroll            |     6 |     3 |     7 |     4 |    13 |     5 |       ||    38
       Potion            |       |     1 |     5 |     6 |    13 |     1 |       ||    26
 Stab: Sleeping          |     2 |     3 |     2 |     1 |       |     1 |       ||     9
       Paralysed         |       |       |       |       |       |     2 |       ||     2
Armor: Robe              |     5 |    49 |    58 |    24 |     5 |    48 |     2 ||   191
       Steam dragon scal |       |       |       |   119 |    12 |       |       ||   131
       Leather armour    |       |       |       |       |    40 |       |       ||    40
Dodge: Dodged            |    15 |    85 |   103 |   215 |    90 |   153 |     5 ||   666
       Repelled          |       |       |       |       |     4 |    29 |       ||    33
Block: Other             |       |    26 |    40 |    75 |     1 |       |       ||   142
       Reflection        |       |       |     3 |       |    30 |    61 |     6 ||   100
       Kite shield       |       |       |       |       |   230 |   272 |       ||   502
       Tower shield      |       |       |       |       |       |       |    13 ||    13
       Rpst.: Falchion   |       |       |     8 |    36 |    13 |    16 |     1 ||    74

Table legend: (Time is in decaauts)
 A = Elapsed time spent in this place.
 B = Non-inter-level travel time spent in this place.
 C = Inter-level travel time spent in this place.
 D = Time resting spent in this place.
 E = Time spent auto-exploring this place.
 F = Levels seen in this place.
 G = Mean time per level.
                   A        B        C        D        E       F      G
               +--------+--------+--------+--------+--------+-----+--------+
         Total |  52066 |  49912 |   2154 |  15632 |  20351 |  36 | 1446.3 |
       Dungeon |  18977 |  17750 |   1227 |   4124 |   8698 |  15 | 1265.1 |
        Temple |     34 |     34 |      0 |      0 |      2 |   1 |   34.0 |
          Lair |   8607 |   8091 |    516 |   1616 |   4655 |   6 | 1434.5 |
        Shoals |   7006 |   6852 |    154 |   2260 |   2742 |   4 | 1751.5 |
     Snake Pit |   9385 |   9258 |    127 |   4373 |   2360 |   4 | 2346.2 |
  Orcish Mines |   2839 |   2773 |     66 |    924 |    798 |   2 | 1419.5 |
   Elven Halls |   2577 |   2516 |     61 |   1141 |    642 |   2 | 1288.5 |
       Ossuary |   1085 |   1085 |      0 |    470 |     95 |   1 | 1085.0 |
      Ice Cave |   1551 |   1551 |      0 |    723 |    359 |   1 | 1551.0 |
               +--------+--------+--------+--------+--------+-----+--------+

Top non-repeatable levels by time:
 Snake:4: 4917 daAuts
   Elf:1: 2512 daAuts
  Lair:6: 2144 daAuts
Shoals:1: 1969 daAuts
Shoals:3: 1774 daAuts
   Orc:2: 1770 daAuts
Shoals:2: 1764 daAuts
    D:12: 1762 daAuts
 Snake:2: 1696 daAuts
 Snake:3: 1686 daAuts
  Lair:3: 1684 daAuts
     D:6: 1638 daAuts
     D:7: 1633 daAuts
    D:13: 1629 daAuts
   IceCv: 1551 daAuts
